 Dungeon Crawl Stone Soup version 0.29.1-1-gd02db6906a (webtiles) character file.

Game seed: 17134295910142993265

64 GigaChad the Trooper (level 3, -1/36 HPs)
             Began as a Minotaur Fighter on Sept 21, 2022.
             Succumbed to a goblin's poison
             ... on level 2 of the Dungeon.
             The game lasted 00:04:28 (2392 turns).

GigaChad the Trooper (Minotaur Fighter)             Turns: 2392, Time: 00:04:29

Health: -1/36      AC:  9    Str: 22    XL:     3   Next: 91%
Magic:  2/2        EV:  7    Int:  5    God:
Gold:   76         SH:  4    Dex:  9    Spells: 2/2 levels left

rFire   . . .      SeeInvis .   a - +0 long sword
rCold   . . .      Faith    .   c - +0 buckler
rNeg    . . .      Spirit   .   m - +0 chain mail
rPois   .          Reflect  .   (helmet restricted)
rElec   .          Harm     .   (no cloak)
rCorr   .          Rampage  .   (no gloves)
Will    .....                   (no boots)
Stlth   ..........              (no amulet)
HPRegen 0.12/turn               (no ring)
MPRegen 0.08/turn               (no ring)

@: lethally poisoned (-1 -> -22)
A: horns 2, retaliatory headbutt
a: no special abilities


You were on level 2 of the Dungeon.
You visited 1 branch of the dungeon, and saw 2 of its levels.

You collected 76 gold pieces.

Inventory:

Hand Weapons
 a - a +0 long sword (weapon)
Missiles
 g - 6 boomerangs (quivered)
 h - 2 poisoned darts
Armour
 b - a +1 scale mail
 c - a +0 buckler (worn)
 m - a +0 chain mail (worn)
Jewellery
 k - a ring of flight
Scrolls
 e - a scroll of magic mapping
 i - a scroll of noise
 j - a scroll of identify
 l - a scroll of butterflies
 o - 2 scrolls of teleportation
Potions
 d - a potion of might
 f - a potion of heal wounds {unknown}
 n - a potion of magic {unknown}


   Skills:
 + Level 5.5 Fighting
 - Level 2.5 Long Blades
 - Level 3.9 Armour
 - Level 3.8 Shields


You had 2 spell levels left.
You didn't know any spells.
Your spell library contained the following spells:

 Spells                   Type           Power      Damage    Failure   Level
 Sandblast                Erth           0%         2d4       99%         1
 Passwall                 Tmut/Erth      0%         N/A       100%        2
 Call Canine Familiar     Summ           0%         N/A       100%        3
 Portal Projectile        Hex/Tloc       0%         N/A       100%        3
 Stone Arrow              Conj/Erth      0%         3d7       100%        3
 Leda's Liquefaction      Hex/Erth       0%         N/A       100%        4


Dungeon Overview and Level Annotations

Branches:
Dungeon (2/15)

Altars:


Innate Abilities, Weirdness & Mutations

You have a pair of horns on your head.
You reflexively headbutt those who attack you in melee.


Message History

An adder comes into view.
The adder hisses angrily.
A kobold and a goblin come into view.
The kobold is wielding a +1 dagger of venom.
The goblin is wielding a +2 dagger of venom.
The kobold shouts!
The goblin shouts!
The goblin moves out of view.
The adder bites you.
You miss the adder. The adder bites you but does no damage.
You block the adder's attack.
You hit the adder.
You headbutt the adder, but do no damage.
The adder is moderately wounded.
The adder bites you.
You are poisoned.
The adder poisons you! The goblin hits you but does no damage.
You are more poisoned.
The adder bites you but does no damage. The adder attacks as you move away!
The adder bites you.
You feel very sick.
You feel very sick.
You barely miss the goblin.
You feel sick. You block the goblin's attack.
You hit the goblin.
The goblin is moderately wounded.
You feel sick. The goblin hits you but does no damage.
You are more poisoned.
The goblin hits you with a +2 dagger of venom.
You are lethally poisoned!
You hit the goblin. Your headbutt misses the goblin.
The goblin is heavily wounded.
You feel extremely sick. The goblin hits you but does no damage.
You are more poisoned.
You closely miss the goblin.
The goblin is heavily wounded.
* * * LOW HITPOINT WARNING * * *
You feel extremely sick. The goblin barely misses you.
You hit the goblin.
You kill the goblin!
You die...

#.#.##.#.#..
#.#.#.......
#.#.#..#.###
#.#.#..#.#
#.#.####.#
#.#......###
#.#####
#..........#
.......####
#..........'
#
......SK)@#
#..........#
#
.......##.#
#..........#
# .......
#.#
#..........#
# .......
#.#
#..........#
## .......
#.#
############
.# .......
#.# #.. .#
....... #.#
###.# .#
####### #.#
#######...#
.# #.#
##..........


You could see an adder and a kobold.

Vanquished Creatures
  2 adders (D:2)
  3 dart slugs (D:1)
  6 ball pythons
  3 endoplasms
  2 giant cockroaches
  5 goblins
  3 hobgoblins
  4 kobolds
  3 quokkas
  3 bats (D:1)
  3 frilled lizards (D:1)
  4 rats (D:1)
41 creatures vanquished.

Notes
Turn   | Place    | Note
-------+----------+-------------------------------------------
     0 | D:1      | GigaChad the Minotaur Fighter began the quest for the Orb.
     0 | D:1      | Reached XP level 1. HP: 19/19 MP: 0/0
   148 | D:1      | Reached XP level 2. HP: 4/27 MP: 1/1
   613 | D:1      | Reached skill level 4 in Fighting
   935 | D:1      | Reached XP level 3. HP: 25/34 MP: 2/2
  1148 | D:1      | Found a faded altar of an unknown god.
  1520 | D:2      | Reached skill level 5 in Fighting
  2392 | D:2      | Succumbed to a goblin's poison

Illustrated notes

Levels and vault maps discovered:
D:1:      dpeg_arrival_lava_altar, layout_basic, ebering_ecumenical_altar_hall,
          minmay_box_of_dots
D:2:      layout_basic

Skill      XL: |  1  2  3 |
---------------+----------+-----
Fighting       | 4 5 |  5.5
Long Blades    | |  2.5
Armour         | |  3.9
Shields        | |  3.8

Action                   || total
-------------------------++-------
Melee: Long sword        ||    86
       Headbutt          ||    13
Throw: Boomerang         ||     4
  Use: Scroll            ||     7
Armor: Scale mail        ||    58
       Chain mail        ||     5
Dodge: Dodged            ||    54
Block: Buckler           ||    34
